 Dungeon Crawl Stone Soup version 0.20-a0-945-g3bf614a (webtiles) character file.

228 nikopol the Skirmisher (level 6, -2/39 HPs)
             Began as a Gargoyle Berserker on Apr 1, 2017.
             Was a Priest of Trog.
             Slain by Paps's ghost (10 damage)
             ... on level 4 of the Dungeon.
             The game lasted 00:06:15 (3432 turns).

nikopol the Skirmisher (Gargoyle Berserker)         Turns: 3432, Time: 00:06:16

Health: -2/39      AC: 14    Str: 21    XL:     6   Next: 2%
Magic:  6/6        EV: 12    Int:  7    God:    Trog [***...]
Gold:   134        SH:  0    Dex: 11    Spells: 5/5 levels left

rFire    . . .     SeeInvis .   a - +0 hand axe
rCold    . . .     Gourm    .   (no shield)
rNeg     + . .     Faith    .   n - +3 ring mail
rPois    ∞         Spirit   .   d - +0 helmet
rElec    +         Reflect  .   (no cloak)
rCorr    .         Harm     .   (no gloves)
MR       .....                  (no boots)
Stlth    +.........             (no amulet)
Regen    0.2/turn               (no ring)
MPRegen  0.1/turn               (no ring)

@: exhausted, starving, slowed, very slow
A: negative energy resistance 1, electricity resistance, unbreathing,
petrification resistance, rot immunity, AC +4
a: Berserk, Trog's Hand, Burn Spellbooks, Renounce Religion


You were on level 4 of the Dungeon.
You worshipped Trog.
Trog was most pleased with you.
You were starving.

You visited 1 branch of the dungeon, and saw 4 of its levels.

You collected 134 gold pieces.

Inventory:

Hand Weapons
 a - a +0 hand axe (weapon)
Missiles
 t - 22 arrows (quivered)
Armour
 d - a +0 helmet (worn)
 n - a +3 ring mail (worn)
Jewellery
 u - a +3 amulet of reflection {unknown}
Scrolls
 b - 3 scrolls of magic mapping {unknown}
 f - a scroll of enchant weapon {unknown}
 g - a scroll of remove curse
 h - 3 scrolls of teleportation
 l - a scroll of amnesia {unknown}
 m - a scroll of blinking {unknown}
 o - 3 scrolls of identify {unknown}
 p - a scroll of random uselessness {unknown}
 r - a scroll of immolation {unknown}
Potions
 e - 2 potions of agility {unknown}
 q - a potion of curing {unknown}
Comestibles
 c - 2 bread rations
 i - 6 fruits
 k - 2 royal jellies
 s - a meat ration


   Skills:
 + Level 4.3 Fighting
 + Level 3.6 Axes
 + Level 4.1 Armour
 + Level 2.7 Dodging


You had 5 spell levels left.
You didn't know any spells.

Dungeon Overview and Level Annotations

Branches:
Dungeon (4/15)             Temple (0/1) D:4

Altars:

Annotations:
D:4 Paps's ghost, novice MiFi


Innate Abilities, Weirdness & Mutations

You are resistant to torment.
Your stone body is resilient. (AC +4)
You are immune to poison.
You resist negative energy. (rN+)
You are resistant to electric shocks. (rElec)
You can survive without breathing.
You are immune to petrification.
You are immune to rotting.


Message History

Paps's ghost barely misses you. Paps's ghost hits you.
You hit Paps's ghost but do no damage.
Paps's ghost is severely damaged.
Paps's ghost hits you.
Your ring mail prevents you from hitting Paps's ghost.
Paps's ghost is severely damaged.
Paps's ghost hits you!
* * * LOW HITPOINT WARNING * * *
Paps's ghost barely misses you.
You closely miss Paps's ghost.
Paps's ghost is severely damaged.
Paps's ghost closely misses you.
Paps's ghost hits you but does no damage.
You hit Paps's ghost but do no damage.
Paps's ghost is severely damaged.
Paps's ghost hits you but does no damage. x2
You hit Paps's ghost but do no damage.
Paps's ghost is severely damaged.
Paps's ghost hits you!
You die...

###### .....# .....#####
.....+...#
.....###.#########
.....+...........##### #
.....###.#####.......###.##.
...#.###.#####.#.W.#.#......
................@...........
##############.#####.#.#.#.
..............# #
##.....).###..#.#.#.
..........†.........
######.#.###.)#.#... #.#.#
#)†#.# . #.#.# #.W... #...#
#......


You could see Paps's ghost.

Vanquished Creatures
  An orc priest (D:4)
  Jessica (D:3)
  Robin (D:3)
  3 adders
  3 oozes
  3 worms
  A dart slug (D:3)
  2 leopard geckos
  11 orcs
  3 giant cockroaches
  19 goblins
  9 hobgoblins
  3 jackals (D:3)
  4 quokkas
  A ball python (D:1)
  9 bats
  6 frilled lizards
  9 kobolds
  10 rats
99 creatures vanquished.

Notes
Turn   | Place    | Note
-------+----------+-------------------------------------------
     0 | D:1      | nikopol the Gargoyle Berserker began the quest for the Orb.
     0 | D:1      | Reached XP level 1. HP: 14/14 MP: 1/1
   165 | D:1      | Reached XP level 2. HP: 19/19 MP: 2/2
   540 | D:1      | Reached ** piety under Trog
   651 | D:1      | Reached XP level 3. HP: 24/24 MP: 3/3
  1522 | D:2      | Reached XP level 4. HP: 28/29 MP: 4/4
  1942 | D:3      | Noticed Robin
  1965 | D:3      | Killed Robin
  2430 | D:3      | Reached *** piety under Trog
  2509 | D:3      | Noticed Jessica
  2520 | D:3      | Reached XP level 5. HP: 19/33 MP: 5/5
  2529 | D:3      | Killed Jessica
  3206 | D:4      | Found a staircase to the Ecumenical Temple.
  3258 | D:4      | Reached XP level 6. HP: 25/39 MP: 6/6
  3259 | D:4      | Noticed Paps's ghost (novice MiFi)
  3432 | D:4      | Slain by Paps's ghost

Vault maps used:
D:1:      matt_arrival_debris
D:2:      first_bread
D:3:      minmay_misc_feat_more_columns, kennysheep_generic_room_15,
          uniq_jessica, uniq_robin
D:4:      nicolae_overflow_hidden_temple, minmay_temple_entry_poolview

Skill      XL: |  1  2  3  4  5 |
---------------+----------------+-----
Axes           | 3 |  3.6
Dodging        | 2 |  2.7
Armour         | 3 4 |  4.1
Fighting       | 4 |  4.3

Action                   |  1- 3 |  4- 6 || total
-------------------------+-------+-------++-------
Melee: Hand axe          |   111 |   224 ||   335
Invok: Berserk           |     1 |     2 ||     3
  Use: Scroll            |       |     2 ||     2
  Eat: Chunk             |     3 |     6 ||     9
Armor: Leather armour    |    26 |       ||    26
       Animal skin       |     1 |       ||     1
       Ring mail         |    30 |   114 ||   144
Dodge: Dodged            |    76 |   117 ||   193
